 Dungeon Crawl Stone Soup version 0.20-a0-1074-g6a0a8e1 (console) character file.

1989 nht the Cleaver (level 9, -3/96 HPs)
             Began as a Formicid Fighter on Apr 29, 2017.
             Was a Believer of Yredelemnul.
             Slain by a two-headed ogre
             ... wielding a +0 giant spiked club
              (11 damage)
             ... on level 8 of the Dungeon.
             The game lasted 00:18:01 (5247 turns).

nht the Cleaver (Formicid Fighter)                  Turns: 5247, Time: 00:18:02

Health: -3/96      AC: 24    Str: 27    XL:     9   Next: 44%
Magic:  14/14      EV:  2    Int:  8    God:    Yredelemnul [**....]
Gold:   290        SH: 10    Dex: 10    Spells: 8/8 levels left

rFire    . . .     SeeInvis .   a - +1 war axe
rCold    . . .     Gourm    .   c - +0 shield
rNeg     + + +     Faith    .   (armour currently unavailable)
rPois    +         Spirit   .   (helmet unavailable)
rElec    .         Reflect  .   (cloak currently unavailable)
rCorr    +         Harm     .   (gloves currently unavailable)
MR       .....                  (boots currently unavailable)
Stlth    +.........             (no amulet)
Regen    0.3/turn               x - ring of resist corrosion (curse)
MPRegen  0.2/turn               s - ring of poison resistance

@: mighty, tree-form
A: permanent stasis, dig shafts and tunnels, four strong arms, weak 1
a: Animate Remains, Recall Undead Slaves, Injury Mirror, Renounce Religion


You were on level 8 of the Dungeon.
You worshipped Yredelemnul.
Yredelemnul was pleased with you.
You were hungry.
You were a tree.
You visited 1 branch of the dungeon, and saw 9 of its levels.

You collected 342 gold pieces.
You spent 52 gold pieces at shops.

Inventory:

Hand Weapons
 a - a +1 war axe (weapon)
 u - a +1 flail of protection
Missiles
 j - a throwing net (quivered)
Armour
 b - a +0 scale mail (melded)
 c - a +0 shield (worn)
 t - a +1 cloak (melded)
Jewellery
 n - an uncursed ring of flight
 o - an uncursed ring of protection from cold
 s - a ring of poison resistance (right branch)
 x - a cursed ring of resist corrosion (left branch)
Wands
 i - a wand of scattershot (0/9)
 m - a wand of digging (8/24)
Scrolls
 p - a scroll of amnesia
 w - a scroll of remove curse
 y - 4 scrolls of identify
Potions
 e - 4 potions of curing
 h - a potion of heal wounds
 k - a potion of mutation
 r - 2 potions of flight
 v - a potion of lignification
Comestibles
 f - 5 bread rations
 g - 2 fruits
 l - 6 royal jellies
 q - 2 meat rations


   Skills:
 - Level 3.2 Fighting
 * Level 10.3 Axes
 - Level 3.2 Armour
 - Level 3.6 Shields
 - Level 7.0 Invocations


You had 8 spell levels left.
You didn't know any spells.

Dungeon Overview and Level Annotations

Branches:
Dungeon (9/15)             Temple (0/1) D:4
   Lair: D:8-11         Orc: D:9-12

Altars:
Sif Muna
Trog
Uskayaw
Wu Jian
Xom
Yredelemnul
Zin

Shops:
D:4 !   D:7 =


Innate Abilities, Weirdness & Mutations

You cannot be hasted, slowed, berserked, paralysed or teleported.
You can dig through walls and to a lower floor.
Your four strong arms can wield two-handed weapons with a shield.
((You have a pair of large antennae on your head. (SInv)))
((Your flesh is cold resistant. (rC+)))
((Your flesh is heat resistant. (rF+)))
You are weak. (Str -2)


Message History

* * * LOW HITPOINT WARNING * * *
You hit the two-headed ogre.
The two-headed ogre is moderately wounded.
You hit the killer bee. You slash the killer bee!
You feel sick.
The killer bee stings you but does no damage. x4
The two-headed ogre hits you but does no damage.
The two-headed ogre hits you with a giant club!
* * * LOW HITPOINT WARNING * * *
You feel better. You block the killer bee's attack. The killer bee stings you.
* * * LOW HITPOINT WARNING * * *
The killer bee completely misses you. The killer bee stings you.
* * * LOW HITPOINT WARNING * * *
You are lethally poisoned!
The killer bee poisons you!
Unknown command.
You feel better. The killer bee barely misses you.
You block the killer bee's attack.
The two-headed ogre hits you with a giant spiked club!
You die...
Your body rises from the dead as a mindless zombie.

.█ ██.██████
█........
█........
+........
█........
+.y......
█♣O......
█.†y......
...........
███.........
█. █.█
█....█████
..
█.███.....
█.
█...████+██
█.
█...█.....█
█.
█...█.....█
█.


You could see a two-headed ogre and 2 killer bees.

Vanquished Creatures
  A water moccasin (D:9)
  A black bear (D:7)
  A sky beast (D:6)
  An ice beast (D:9)
  2 ogres
  A necrophage (D:6)
  A centaur (D:8)
  Blork the orc (D:4)
  A bullfrog (D:6)
  A water moccasin skeleton (D:3)
  A killer bee (D:8)
  A howler monkey (D:4)
  A centaur zombie (D:9)
  A crimson imp (D:6)
  2 hounds
  A jelly (D:7)
  3 orc priests
  Crazy Yiuf (D:4)
  A bullfrog skeleton (D:9)
  3 orc wizards
  An iguana (D:5)
  5 worker ants
  A hound skeleton (D:9)
  4 gnolls
  A howler monkey skeleton (D:5)
  5 adders
  An ooze (D:5)
  5 worms
  6 leopard geckos
  10 orcs
  2 giant cockroaches
  5 hobgoblins
  13 jackals
  3 quokkas
  10 bats
  6 frilled lizards
  3 goblins
  8 kobolds
  A leopard gecko zombie (D:5)
  A quokka skeleton (D:9)
  3 rats (D:2)
120 creatures vanquished.

Vanquished Creatures (collateral kills)
  Edmund (D:4)
  A phantom (D:6)
  A bullfrog (D:6)
  A crimson imp (D:6)
  A quasit (D:6)
  A worker ant (D:6)
  3 orcs (D:4)
  A jackal (D:6)
  A leopard gecko zombie (D:4)
11 creatures vanquished.

Vanquished Creatures (others)
  A centaur zombie (D:8)
  2 orc zombies (D:4)
3 creatures vanquished.

Grand Total: 134 creatures vanquished

Notes
Turn   | Place    | Note
-------+----------+-------------------------------------------
     0 | D:1      | nht the Formicid Fighter began the quest for the Orb.
     0 | D:1      | Reached XP level 1. HP: 18/18 MP: 1/1
   157 | D:1      | Reached XP level 2. HP: 24/24 MP: 2/2
   231 | D:1      | Reached skill level 3 in Axes
   476 | D:1      | Reached XP level 3. HP: 28/29 MP: 3/3
   743 | D:2      | Found a basalt altar of Yredelemnul.
   771 | D:2      | HP: 1/29 [adder (3)]
   799 | D:2      | Became a worshipper of Yredelemnul the Dark
  1065 | D:2      | Reached XP level 4. HP: 35/35 MP: 4/4
  1458 | D:3      | Reached skill level 1 in Invocations
  1476 | D:3      | Found a glowing silver altar of Zin.
  1484 | D:3      | Reached skill level 4 in Axes
  1543 | D:3      | Reached * piety under Yredelemnul
  1552 | D:3      | Gained mutation: You are weak. (Str -2) [potion of mutation]
  1552 | D:3      | Gained mutation: Your flesh is cold resistant. (rC+) [potion of mutation]
  1552 | D:3      | Gained mutation: Your flesh is heat resistant. (rF+) [potion of mutation]
  1776 | D:3      | Reached XP level 5. HP: 18/41 MP: 6/6
  2098 | D:3      | Reached skill level 5 in Axes
  2259 | D:4      | Reached XP level 6. HP: 29/47 MP: 8/8
  2325 | D:4      | Found a staircase to the Ecumenical Temple.
  2383 | D:4      | Reached XP level 7. HP: 15/52 MP: 9/9
  2532 | D:4      | Reached skill level 6 in Axes
  2553 | D:4      | Found a bloodstained altar of Trog.
  2561 | D:4      | Noticed Blork the orc
  2561 | D:4      | Reached ** piety under Yredelemnul
  2565 | D:4      | Killed Blork the orc
  2567 | D:4      | Noticed Edmund
  2584 | D:4      | Killed Edmund
  2800 | D:4      | Found Raunas's Distillery.
  2808 | D:4      | Bought a potion of might for 52 gold pieces
  2835 | D:4      | Found a runed door.
  2900 | D:4      | Found a shimmering altar of Xom.
  2952 | D:4      | Noticed Crazy Yiuf
  2958 | D:4      | Killed Crazy Yiuf
  3017 | D:5      | Entered Level 5 of the Dungeon
  3179 | D:5      | Reached skill level 7 in Axes
  3183 | D:5      | Reached skill level 5 in Invocations
  3190 | D:5      | Found an ornate altar of the Wu Jian Council.
  3233 | D:5      | Reached XP level 8. HP: 36/58 MP: 9/11
  3955 | D:6      | Reached skill level 8 in Axes
  4255 | D:6      | Reached skill level 9 in Axes
  4255 | D:6      | Reached XP level 9. HP: 54/62 MP: 13/13
  4840 | D:7      | Found Zoturizuav's Jewellery Boutique.
  4973 | D:8      | Noticed a seven-headed hydra
  4982 | D:9      | Found a deep blue altar of Sif Muna.
  5011 | D:9      | Found a hide-covered altar of Uskayaw.
  5023 | D:9      | Reached skill level 10 in Axes
  5240 | D:8      | Noticed a two-headed ogre
  5245 | D:8      | HP: 1/93 [two-headed ogre/giant spiked club (12)]
  5247 | D:8      | Slain by a two-headed ogre

Vault maps used:
D:1:      saegor_arrival_miasma, st_stairs_14
D:2:      lemuel_crystal_altar
D:3:      lemuel_round_altar, first_bread
D:4:      nicolae_overflow_crystal_walls, lemuel_coloured_pillars_altar,
          minmay_temple_entry_butterflies, serial_shops, shop,
          uniq_blork_the_orc, uniq_crazy_yiuf_cottage, uniq_edmund
D:5:      basic_altar
D:7:      black_bear_nest_2, serial_shops, nicolae_shop_stone
D:8:      wad_guarded_room, cheibrodos_worm_habitat, nicolae_transmutations_shop
D:9:      kennysheep_mini, grunt_temple_overflow_diamond, kennysheep_little_box,
          old_standard_altar, david_lair_generic, serial_shops, shop,
          david_nohive_1

Skill      XL: |  1  2  3  4  5  6  7  8  9 |
---------------+----------------------------+-----
Axes           | 3 4 5 7 9 10 | 10.3
Invocations    | 2 3 5 6 7 |  7.0
Fighting       | |  3.2
Armour         | |  3.2
Shields        | |  3.6

Action                   |  1- 3 |  4- 6 |  7- 9 || total
-------------------------+-------+-------+-------++-------
Melee: War axe           |   113 |   136 |   181 ||   430
Throw: Throwing net      |       |       |     2 ||     2
Invok: Animate Remains   |       |       |    19 ||    19
Evoke: Wand              |       |       |     7 ||     7
  Use: Potion            |     1 |     9 |     7 ||    17
       Scroll            |       |     6 |    10 ||    16
  Eat: Chunk             |     1 |     4 |    11 ||    16
       Fruit             |       |       |     4 ||     4
Armor: Scale mail        |    59 |    63 |    75 ||   197
       Skin              |       |       |    15 ||    15
Dodge: Dodged            |    47 |    51 |    61 ||   159
Block: Shield            |    80 |    90 |    90 ||   260
